 Dungeon Crawl Stone Soup version 0.25.0-1-g7eea58d (webtiles) character file.

Game seed: 225434876164876589

565 Dorkslayer the Chopper (level 7, 0/55 HPs)
             Began as a Demonspawn Berserker on June 27, 2020.
             Was a Priest of Trog.
             Succumbed to a scorpion's poison
             ... on level 4 of the Dungeon.
             The game lasted 00:14:36 (3502 turns).

Dorkslayer the Chopper (Demonspawn Berserker)       Turns: 3502, Time: 00:14:37

Health: 0/55       AC:  9    Str: 19    XL:     7   Next: 10%
Magic:  7/7        EV:  8    Int:  9    God:    Trog [***...]
Gold:   305        SH:  0    Dex: 12    Spells: 6/6 levels left

rFire    . . .     SeeInvis .   m - +0 war axe
rCold    + . .     Gourm    .   (no shield)
rNeg     + . .     Faith    .   s - +0 chain mail
rPois    .         Spirit   .   (helmet restricted)
rElec    .         Reflect  .   (no cloak)
rCorr    .         Harm     .   (no gloves)
MR       .....                  (no boots)
Stlth    ..........             (no amulet)
HPRegen  0.18/turn              n - ring of protection from cold
MPRegen  0.10/turn              q - ring of positive energy

@: lethally poisoned (0 -> -8), berserk cooldown
A: antennae 2, demonic guardian 1, evolution 1, rot immunity, MP-powered wands
a: Berserk, Trog's Hand, Renounce Religion


You were on level 4 of the Dungeon.
You worshipped Trog.
Trog was most pleased with you.
You were not hungry.

You visited 1 branch of the dungeon, and saw 4 of its levels.
You also visited: Sewer.

You collected 305 gold pieces.

Inventory:

Hand Weapons
 a - a +1 hand axe
 m - a +0 war axe (weapon)
Missiles
 l - 2 poisoned darts (quivered)
Armour
 s - a +0 chain mail (worn)
Jewellery
 n - a ring of protection from cold (left hand)
 q - a ring of positive energy (right hand)
Scrolls
 d - a scroll of magic mapping
 e - a scroll of fog
 f - a scroll of remove curse
 i - 3 scrolls of immolation
 o - a scroll of enchant armour {unknown}
 p - a scroll of blinking {unknown}
 r - 2 scrolls of teleportation
Potions
 k - a potion of flight
Comestibles
 c - 9 rations
 g - a chunk of flesh


   Skills:
 * Level 4.5 Fighting
 + Level 5.2 Axes
 + Level 1.5 Throwing
 * Level 3.2 Armour
 * Level 2.8 Dodging
 + Level 1.0 Stealth


You had 6 spell levels left.
You didn't know any spells.
Your spell library was empty.

Dungeon Overview and Level Annotations

Branches:
Dungeon (4/15)              Sewer (visited)
 Temple: D:4-7

Altars:
Cheibriados
Nemelex Xobeh
Qazlal
Sif Muna


Innate Abilities, Weirdness & Mutations

You have a pair of antennae on your head.
A weak demonic guardian rushes to your aid.
You are immune to rotting.
You evolve.
You expend magic power (3 MP) to strengthen your wands.


Message History

The scorpion stings you.
Your iron imp barely misses the scorpion.
The scorpion stings you!
* * * LOW HITPOINT WARNING * * *
You are lethally poisoned!
The scorpion poisons you!
It was a potion of mutation.
You feel extremely strange.
You feel your magical essence link to the dungeon's wands.
You feel nature experimenting on you.
Don't worry, failures die fast.
* * * LOW HITPOINT WARNING * * *
You feel sick.
Your iron imp misses the scorpion.
The scorpion stings you but does no damage.
Your chain mail prevents you from hitting the scorpion.
The scorpion is lightly wounded.
* * * LOW HITPOINT WARNING * * *
You feel sick.
Your iron imp hits the scorpion.
The scorpion stings you!
* * * LOW HITPOINT WARNING * * *
Your chain mail prevents you from hitting the scorpion.
The scorpion is moderately wounded.
You die...

.### ...# ....# ##+##
.$..# ##...## ....#
#####.....## ###..$.##
...#.......##
#........
##.........)###@...$.#
............'.5s.....#
#..........###....$...
#.#.......## #(###.##.
. ##.....## #.# .#
##.).## #># #
########)### #..
.......)...# ######
##..####.#.##### #.#


You could see a scorpion and a friendly iron imp (summoned).

Vanquished Creatures
  Sigmund (D:4)
  Purgy (Sewer)
  An orc priest (D:4)
  An orc wizard (D:4)
  A worker ant (D:4)
  2 hound skeletons
  5 adders
  A river rat (D:3)
  5 oozes
  2 worms
  6 dart slugs
  A leopard gecko (D:1)
  15 orcs
  2 giant cockroaches
  7 goblins
  4 hobgoblins
  2 jackals (D:1)
  3 quokkas
  A ball python (D:3)
  9 bats
  6 frilled lizards
  6 kobolds
  A leopard gecko skeleton (D:4)
  11 rats
94 creatures vanquished.

Vanquished Creatures (collateral kills)
  An orc wizard (D:3)
  A worm (D:3)
  A goblin (D:3)
  A quokka (D:4)
4 creatures vanquished.

Grand Total: 98 creatures vanquished

Notes
Turn   | Place    | Note
-------+----------+-------------------------------------------
     0 | D:1      | Dorkslayer the Demonspawn Berserker began the quest for the
                  | Orb.
     0 | D:1      | Reached XP level 1. HP: 18/18 MP: 1/1
   110 | D:1      | Gained mutation: A weak demonic guardian rushes to your
                  | aid. [demonic ancestry]
   110 | D:1      | Reached XP level 2. HP: 22/24 MP: 2/2
   229 | D:1      | Reached skill level 3 in Axes
   656 | D:1      | Reached XP level 3. HP: 13/29 MP: 3/3
  1045 | D:2      | Found a stormy altar of Qazlal.
  1215 | D:2      | Reached ** piety under Trog
  1643 | D:2      | Gained mutation: You are immune to rotting. [demonic
                  | ancestry]
  1643 | D:2      | Reached XP level 4. HP: 10/37 MP: 4/4
  1861 | D:3      | Found a glowing drain.
  1871 | Sewer    | Entered a sewer
  1922 | Sewer    | Noticed Purgy
  1933 | Sewer    | Killed Purgy
  1933 | Sewer    | Reached skill level 4 in Axes
  1933 | Sewer    | Reached skill level 1 in Throwing
  1933 | Sewer    | Gained mutation: You have a pair of small antennae on your
                  | head. [demonic ancestry]
  1933 | Sewer    | Reached XP level 5. HP: 42/42 MP: 5/5
  2294 | D:3      | Found a shimmering blue altar of Sif Muna.
  2294 | D:3      | Found a sparkling altar of Nemelex Xobeh.
  2337 | D:3      | Gained mutation: You have a pair of antennae on your head.
                  | [demonic ancestry]
  2337 | D:3      | Reached XP level 6. HP: 37/48 MP: 6/6
  2616 | D:3      | Reached *** piety under Trog
  2863 | D:4      | Found a snail-covered altar of Cheibriados.
  2895 | D:4      | Noticed Sigmund
  2909 | D:4      | Killed Sigmund
  2909 | D:4      | Reached skill level 5 in Axes
  2909 | D:4      | Reached skill level 1 in Stealth
  3464 | D:4      | Reached XP level 7. HP: 27/55 MP: 7/7
  3500 | D:4      | Gained mutation: You expend magic power (3 MP) to
                  | strengthen your wands. [potion of mutation]
  3500 | D:4      | Gained mutation: You evolve. [potion of mutation]
  3501 | D:4      | HP: 1/55 [scorpion (7)]
  3502 | D:4      | Succumbed to a scorpion's poison

Illustrated notes

Levels and vault maps discovered:
D:1:      eino_arrival_cavern_e, layout_loops_corners
D:2:      layout_loops_ring, lemuel_round_altar
D:3:      layout_loops_cross, minitemple, cheibrodos_sewer_entry_sluice
D:4:      layout_loops_corners, grunt_gozag_breadcrumbs, kennysheep_slug_shrine,
          first_ration, bh_chokoban, kennysheep_cross_bottleneck, uniq_sigmund

Skill      XL: |  1  2  3  4  5  6 |
---------------+-------------------+-----
Axes           | 3 4 5 |  5.2
Dodging        | 2 |  2.8
Armour         | 2 3 |  3.2
Fighting       | 4 |  4.5
Throwing       | 1 |  1.5
Stealth        | 1 |  1.0

Action                   |  1- 3 |  4- 6 |  7- 9 || total
-------------------------+-------+-------+-------++-------
Melee: Hand axe          |   125 |   156 |       ||   281
       War axe           |       |    74 |    14 ||    88
Throw: Dart              |    17 |    21 |     1 ||    39
Invok: Berserk           |     1 |     4 |       ||     5
       Trog's Hand       |       |     1 |       ||     1
  Use: Scroll            |       |    12 |       ||    12
       Potion            |       |     5 |     1 ||     6
 Stab: Sleeping          |     2 |       |       ||     2
  Eat: Chunk             |     3 |    10 |     1 ||    14
Armor: Animal skin       |    12 |       |       ||    12
       Scale mail        |     6 |    77 |       ||    83
       Chain mail        |       |    14 |     8 ||    22
Dodge: Dodged            |    46 |   144 |     1 ||   191
